 Seeded DCSS version 0.30-a0-830-gfe289a77b0 (webtiles) character file.

Game seed: 10962520627805071627 (custom seed)

9 demibob the Shield-Bearer (level 2, 26/26 HPs)
             Began as a Minotaur Fighter on Feb 28, 2023.
             Quit the game on level 1 of the Dungeon.
             The game lasted 00:00:54 (196 turns).

demibob the Shield-Bearer (Minotaur Fighter)         Turns: 196, Time: 00:00:54

Health: 26/26      AC:  9    Str: 22    XL:     2   Next: 3%
Magic:  1/1        EV:  9    Int:  8    God:
Gold:   3          SH:  0    Dex:  9    Spells: 1/1 levels left

rFire   + + .      SeeInvis .    a - +0 long sword
rCold   + . .      Faith    .    (no shield)
rNeg    . . .      Spirit   .    b - +0 scale mail
rPois   .          Reflect  .    (helmet restricted)
rElec   +          Harm     .    h - +0 cloak of the Lizard {Slay+5}
rCorr   .          Rampage  .    (no gloves)
Will    .....                    g - +0 pair of boots "Nuxaur" {Str+2} Stlth
                                 (no amulet)
HPRegen 0.24/turn                f - ring of Ecuxic {Contam rElec rF++ rC+ Int+3}
MPRegen 0.07/turn                (no ring)

@: no status effects
A: horns 2, retaliatory headbutt
a: no special abilities


You were on level 1 of the Dungeon.
You visited 1 branch of the dungeon, and saw 1 of its levels.

You collected 3 gold pieces.


Innate Abilities, Weirdness & Mutations

You have a pair of horns on your head.
You reflexively headbutt those who attack you in melee.


   Skills:
 - Level 3.6 Fighting
 + Level 3.4 Long Blades
 - Level 3.6 Armour
 - Level 3.6 Shields


You had one spell level left.
You didn't know any spells.
Your spell library was empty.

Inventory:

Hand Weapons
 a - a +0 long sword (weapon)
Armour
 b - a +0 scale mail (worn)
 g - the +0 pair of boots "Nuxaur" (worn) {Str+2}
   (You acquired it on level 1 of the Dungeon)

   Str:       It affects your strength (+2).
 h - the +0 cloak of the Lizard (worn) {Slay+5}
   (You acquired it on level 1 of the Dungeon)

   Slay:      It affects your accuracy & damage with ranged weapons and melee
   (+5).
Jewellery
 e - an amulet of faith {!P}
 f - the ring of Ecuxic (left hand) {Contam rElec rF++ rC+ Int+3}
   (You acquired it on level 1 of the Dungeon)

   [ring of protection from cold]

   Int:       It affects your intelligence (+3).
   rF:        It greatly protects you from fire.
   rC:        It protects you from cold.
   rElec:     It insulates you from electricity.
   Contam:    It causes magical contamination when unequipped.
Scrolls
 c - a scroll of identify {unknown}
 i - 3 scrolls of enchant armour {unknown}
Potions
 d - a potion of might

Dungeon Overview and Level Annotations

Branches:
Dungeon (1/15)

Altars:

######## #.......
#.#▒#▒#. ##.#.P.#.
#########..#...## #
#####.........##.Pb##
...............####.b.##
##...##.........###▒#▒##
..(...†@........##.....#
##...#####▒#▒#####..#...
... .PP.. ###..#..# #
.......#........
############..####
#.#...............
#...#######.....##
##..######..........>...#
........................#


There were no monsters in sight!


Message History

Something appears at your feet!
f - the ring of Ecuxic {Contam rElec rF++ rC+ Int+3} Really put on
f - the ring of Ecuxic {Contam rElec rF++ rC+ Int+3}?
You feel clever.
You feel a build-up of mutagenic energy.
f - the ring of Ecuxic (left hand) {Contam rElec rF++ rC+ Int+3} You finish putting on the +0 cloak of the Lizard {Slay+5}.
You finish putting on the +0 pair of boots "Nuxaur" {Str+2}.
You feel stronger.
An endoplasm comes into view.
The endoplasm quivers.
An endoplasm is nearby!
The endoplasm hits you but does no damage.
You slash the endoplasm!
You kill the endoplasm!
No target in view!
No target in view!
No target in view!
No target in view!
No target in view!
No target in view!
i - 3 scrolls labelled WYEPEFR PUBBE A dart slug comes into view.
A dart slug is nearby!
A dart slug is nearby!
Found 8 stones.
You slash the dart slug!
You kill the dart slug!
You have reached level 2!
Are you sure you want to abandon this character and quit the game? (Confirm with "yes".)

Skill      XL: |  1 |
---------------+----+-----
Long Blades    | 3 |  3.4
Fighting       | |  3.6
Armour         | |  3.6
Shields        | |  3.6

Action                     || total
---------------------------++-------
  Melee: Long sword        ||     9
         Headbutt          ||     1
    Use: Scroll            ||     3
 Armour: Scale mail        ||     7
  Dodge: Dodged            ||     7

Levels and vault maps discovered:
D:1:      lemuel_arrival_room, layout_basic, serial_aquarium,
          aquarium_bridge_square [aquarium_subvault_bridge,
          aquarium_subvault_window, aquarium_subvault_window,
          aquarium_subvault_bridge], aquarium_window_1, aquarium_window_3,
          aquarium_window_double, aquarium_view_2f, aquarium_view_2d,
          aquarium_balcony_3b

Notes
Turn   | Place    | Note
-------+----------+-------------------------------------------
     0 | D:1      | demibob the Minotaur Fighter began the quest for the Orb.
     0 | D:1      | Reached XP level 1. HP: 19/19 MP: 0/0
    85 | D:1      | Reached skill level 3 in Long Blades
   116 | D:1      | Identified 3 scrolls of acquirement
   116 | D:1      | Acquired the +0 pair of boots "Nuxaur" {Str+2}
   118 | D:1      | Acquired the +0 cloak of the Lizard {Slay+5}
   120 | D:1      | Acquired the ring of Ecuxic {Contam rElec rF++ rC+ Int+3}
   196 | D:1      | Reached XP level 2. HP: 26/26 MP: 1/1
   196 | D:1      | Quit the game

Vanquished Creatures
  A dart slug (D:1)
  A bat (D:1)
  An endoplasm (D:1)
  A hobgoblin (D:1)
  2 kobolds (D:1)
6 creatures vanquished.

Table legend: (Time is in decaauts)
 A = Elapsed time spent in this place.
 B = Non-inter-level travel time spent in this place.
 C = Inter-level travel time spent in this place.
 D = Time resting spent in this place.
 E = Time spent auto-exploring this place.
 F = Levels seen in this place.
 G = Mean time per level.
                   A        B        C        D        E       F      G
               +--------+--------+--------+--------+--------+-----+--------+
         Total |    197 |    197 |      0 |      0 |    135 |   1 |  197.0 |
       Dungeon |    197 |    197 |      0 |      0 |    135 |   1 |  197.0 |
               +--------+--------+--------+--------+--------+-----+--------+

Top non-repeatable levels by time:
     D:1: 197 daAuts

Table legend:
 A = Non-vault XP
 B = Vault XP
 C = Vault XP percentage of total XP
 D = Non-vault monster count
 E = Vault monster count
 F = Vault count percentage of total count
                 A         B        C        D         E       F
            +---------+---------+-------+---------+---------+-------
      Total |      13 |       0 |   0.0 |       6 |       0 |   0.0
            +---------+---------+-------+---------+---------+-------
        D:1 |      13 |       0 |   0.0 |       6 |       0 |   0.0
            +---------+---------+-------+---------+---------+-------
